 Dungeon Crawl Stone Soup version 0.31.0-1-g2c135a008e (webtiles) character file.

Game seed: 3075548496003752285

2690 Colgate the Skirmisher (level 9, 0/43 HPs)
             Began as a Spriggan Ice Elementalist on Jan 20, 2024.
             Was a Priest of Ru.
             Slain by a hornet (7 damage)
             ... on level 7 of the Dungeon.
             The game lasted 00:57:45 (14914 turns).

Colgate the Skirmisher (Spriggan Ice Elementalist) Turns: 14914, Time: 00:57:46

Health: 0/43       AC:  3    Str:  4    XL:     9   Next: 38%
Magic:  26/26      EV: 19    Int: 18    God:    Ru [***...]
Gold:   178        SH:  0    Dex: 18    Spells: 8/17 levels left

rFire   + . .        a - +0 sling
rCold   . . .        (no shield)
rNeg    + . .        B - +0 robe {rF+}
rPois   .            (helmet restricted)
rElec   .            I - +0 cloak
rCorr   .            (gloves unavailable)
SInv    +            (boots unavailable)
Will    +....        f - amulet of regeneration
Stlth   ++           m - ring of magical power
HPRegen 1.07/turn    A - ring of positive energy
MPRegen 0.20/turn

%: no passive effects
@: lethally poisoned (0 -> -1), slowed, quick
A: very small, no large weapons, unfitting armour, see invisible, speed 3,
inability to drink after injury 2, inability to use devices
a: Renounce Religion, Draw Out Power


You were on level 7 of the Dungeon.
You worshipped Ru.
Ru was most pleased with you.
You visited 2 branches of the dungeon, and saw 9 of its levels.

You collected 311 gold pieces.
You spent 133 gold pieces at shops.

Inventory:

Hand Weapons
 a - a +0 sling (weapon)
 b - a +1 short sword of speed
Missiles
 x - 2 throwing nets {!f}
Armour
 z - a scarf of resistance
 B - a +0 robe of fire resistance (worn)
 I - a +0 cloak (worn)
Jewellery
 f - an amulet of regeneration (around neck)
 m - a ring of magical power (left hand)
 t - an amulet of the acrobat
 A - a ring of positive energy (right hand)
 F - a +6 ring of intelligence
Scrolls
 d - a scroll of vulnerability {unknown}
 e - 3 scrolls of revelation {unknown}
 g - 3 scrolls of identify {@r1}
 j - 3 scrolls of enchant weapon {unknown}
 k - 3 scrolls of teleportation {unknown}
 l - a scroll of summoning {unknown}
 n - a scroll of fear {unknown}
 r - a scroll of amnesia {unknown}
 v - a scroll of fog {unknown}
 w - 2 scrolls of immolation {unknown}
 y - 2 scrolls of blinking {@r4}
 D - 2 scrolls of enchant armour {unknown}
 E - a scroll of silence {unknown}
 G - a scroll of brand weapon {unknown}
 H - a scroll of poison {unknown}
Potions
 c - 2 potions of magic
 h - 2 potions of brilliance
 i - 2 potions of lignification
 o - 5 potions of heal wounds {@q2}
 p - 3 potions of haste {@q4}
 q - 2 potions of resistance {@q5}
 s - a potion of enlightenment
 u - a potion of attraction
 C - 4 potions of curing {@q1}


   Skills:
 - Level 2.5 Fighting
 + Level 11.5 Ranged Weapons
 - Level 4.4 Dodging
 - Level 3.0 Stealth
 - Level 4.7 Spellcasting
 - Level 3.2 Ice Magic


You had 8 spell levels left.
You knew the following spells:

 Your Spells              Type           Power      Damage    Failure   Level
a - Freeze                Ice            64%        1d7       3%          1
b - Ensorcelled Hibernat  Hex/Ice        20%        N/A       11%         2
c - Frozen Ramparts       Ice            32%        1d5       11%         3
d - Ozocubu's Armour      Ice            16%        N/A       11%         3

Your spell library contained the following spells:

 Spells                   Type           Power      Damage    Failure   Level
 Sting                    Conj/Alch      16%        1d4       14%         1
 Mercury Vapours          Alch/Air       8%         N/A       21%         2
 Summon Ice Beast         Ice/Summ       10%        N/A       22%         3
 Fugue of the Fallen      Necr           4%         N/A       38%         3
 Gell's Gravitas          Tloc           4%         N/A       38%         3
 Inner Flame              Hex/Fire       4%         N/A       38%         3
 Teleport Other           Tloc           4%         N/A       38%         3
 Anguish                  Hex/Necr       2%         N/A       80%         4
 Flame Wave               Conj/Fire      4%         2d5       80%         4
 Olgreb's Toxic Radiance  Alch           4%         N/A       80%         4
 Sticky Flame             Fire/Alch      4%         2d4       80%         4
 Irradiate                Conj/Alch      2%         3d12      98%         5
 Dispersal                Tloc           2%         N/A       100%        6
 Ignition                 Fire           2%         3d3       100%        8


Dungeon Overview and Level Annotations

Branches:
Dungeon (8/15)             Temple (1/1) D:4
   Lair: D:8-11

Altars:
Ashenzari
Cheibriados
Dithmenos
Elyvilon
Fedhas
Gozag
Hepliaklqana
Kikubaaqudgha
Okawaru
Qazlal
Ru
Sif Muna
Trog
Uskayaw
Vehumet
Wu Jian
Xom
Yredelemnul
Zin
The Shining One

Shops:
D:1 ?   D:4 [


Innate Abilities, Weirdness & Mutations

You are very small and have problems with some larger weapons.
You are too small for most types of armour.
You have supernaturally acute eyesight. (SInv)
You cover ground extremely quickly. (Speed+++)
You sometimes lose the ability to drink potions when taking damage.
You cannot study or use magical devices.


Message History

You shoot a sling bullet.
The sling bullet closely misses the hornet.
You shoot a sling bullet. The sling bullet misses the hornet.
You start waiting.
A hornet is nearby!
You shoot a sling bullet. The hornet buzzes angrily.
The sling bullet hits the hornet.
You shoot a sling bullet.
The sling bullet hits the hornet but does no damage.
You shoot a sling bullet.
The sling bullet hits the hornet but does no damage.
You shoot a sling bullet. The sling bullet hits the hornet.
You shoot a sling bullet. The sling bullet hits the hornet.
You see here a +0 scale mail.
You shoot a sling bullet. The sling bullet hits the hornet.
You shoot a sling bullet.
The sling bullet hits the hornet but does no damage.
You shoot a sling bullet. The sling bullet hits the hornet.
You shoot a sling bullet.
The sling bullet barely misses the hornet.
The hornet stings you!
You are poisoned.
You suddenly lose the ability to move!
You feel sick. The hornet stings you.
You feel yourself slow down.
You feel sick. The hornet stings you!
You feel as though you will be slow longer.
The hornet stings you but does no damage.
You feel sick. The hornet stings you!
* * * LOW HITPOINT WARNING * * *
You feel as though you will be slow longer.
You can move again.
You feel sick.
You feel sick. The hornet stings you.
* * * LOW HITPOINT WARNING * * *
You feel as though you will be slow longer.
You feel sick. The hornet attacks as it pursues you!
The hornet barely misses you.
You feel sick. The hornet attacks as it pursues you! The hornet stings you!
You die...

...........## *#..#.#.####...#
[#####......###...#.#.y......#
.......#...#...####.######..(#
.####...............# ##.##
...........≈.8.≈.#### #.#
.####...#..≈...≈.# #.#
..###...#..≈≈.≈≈.# #.#
........<..≈≈.≈≈y# #.####
#####...##(≈≈.≈≈@# #....#
...........≈≈_≈≈.# ####.#
###.#.#.##.≈≈≈≈≈.# #.#
##....#.##..≈≈≈..# #.#
........##.......# #.#
#.....####.[).#.## #.#
........###.#...#### #.#
#.#.#.#.##.###.....# #.#
##....#.###,#.####.###########.#


You could see a hornet.

Vanquished Creatures
  A steam dragon (D:6)
  A water moccasin (D:6)
  2 black bears
  3 ice beasts
  3 orc warriors
  A sky beast (D:5)
  2 ogres (D:4)
  A phantom (D:6)
  A kobold brigand (D:6)
  Blork the orc (D:4)
  2 bullfrogs (D:6)
  A gnoll sergeant (D:8)
  A bombardier beetle (D:6)
  5 howler monkeys
  A jelly (D:6)
  3 hounds
  4 orc priests
  A gnoll bouda (D:6)
  A sleepcap (D:5)
  5 iguanas
  7 orc wizards
  12 gnolls
  4 adders
  2 white imps
  2 ufetubi (D:6)
  4 dart slugs
  2 ribbon worms
  16 orcs
  4 bats
  5 endoplasms
  2 goblins (D:4)
  4 hobgoblins
  4 jackals
  2 ball pythons
  2 frilled lizards
  5 kobolds
  3 rats
120 creatures vanquished.

Notes
Turn   | Place    | Note
-------+----------+-------------------------------------------
     0 | D:1      | Colgate the Spriggan Ice Elementalist began the quest for
                  | the Orb.
     0 | D:1      | Reached XP level 1. HP: 9/9 MP: 5/5
   367 | D:1      | Found Baifautunt's Magic Scroll Shop.
   408 | D:1      | Reached XP level 2. HP: 13/13 MP: 2/7
   411 | D:1      | Learned a level 2 spell: Ensorcelled Hibernation
   479 | D:1      | Bought a scroll of identify for 28 gold pieces
  1241 | D:2      | Found a sacrificial altar of Ru.
  1250 | D:2      | Became a worshipper of Ru the Awakened
  1363 | D:2      | Reached XP level 3. HP: 10/16 MP: 10/10
  1367 | D:2      | Learned a level 3 spell: Frozen Ramparts
  1371 | D:2      | Learned a level 3 spell: Ozocubu's Armour
  2700 | D:3      | Found an opulent altar of Gozag.
  2728 | D:3      | Found a glowing silver altar of Zin.
  2814 | D:4      | Noticed an ogre
  2828 | D:4      | Found a staircase to the Ecumenical Temple.
  2833 | D:4      | Gained mutation: You cannot study or use magical devices.
                  | [Ru sacrifice]
  2833 | D:4      | Reached * piety under Ru
  2833 | D:4      | Reached ** piety under Ru
  2876 | D:4      | Killed an ogre
  2877 | D:4      | Reached skill level 3 in Ranged Weapons
  2877 | D:4      | Reached XP level 4. HP: 21/21 MP: 11/11
  2896 | D:4      | Noticed an orc warrior
  3025 | D:4      | Reached XP level 5. HP: 20/24 MP: 13/13
  3192 | D:3      | HP: 1/24 [orc warrior/+0 flail (14)]
  3214 | D:2      | Killed an orc warrior
  3215 | D:2      | Reached skill level 4 in Ranged Weapons
  3427 | Temple   | Entered the Ecumenical Temple
  3464 | Temple   | Reached XP level 6. HP: 20/28 MP: 14/14
  3598 | Temple   | Reached skill level 5 in Ranged Weapons
  4045 | D:4      | Reached skill level 6 in Ranged Weapons
  4199 | D:4      | Noticed Blork the orc
  4572 | D:4      | Killed Blork the orc
  4573 | D:4      | Reached XP level 7. HP: 17/32 MP: 15/15
  4785 | D:4      | Found a staircase to the Ecumenical Temple.
  5071 | D:4      | Found Ezyehu's Antique Armour Emporium.
  5098 | D:5      | Entered Level 5 of the Dungeon
  5229 | D:5      | Found a sacrificial altar of Ru.
  5616 | D:4      | Found Ezyehu's Antique Armour Emporium.
  5652 | D:4      | Found a staircase to the Ecumenical Temple.
  5754 | D:4      | Reached skill level 7 in Ranged Weapons
  7045 | D:5      | Reached skill level 8 in Ranged Weapons
  7489 | D:5      | Reached XP level 8. HP: 36/36 MP: 16/16
  7844 | D:6      | Reached skill level 9 in Ranged Weapons
  8006 | D:6      | Gained mutation: You occasionally lose the ability to drink
                  | potions when taking damage. [Ru sacrifice]
  8006 | D:6      | Gained mutation: You sometimes lose the ability to drink
                  | potions when taking damage. [Ru sacrifice]
  8006 | D:6      | Reached *** piety under Ru
  8430 | D:1      | Bought a scroll of blinking for 105 gold pieces
  8728 | D:5      | Reached skill level 10 in Ranged Weapons
  9130 | D:6      | Reached skill level 1 in Fighting
 10021 | D:6      | Found a stormy altar of Qazlal.
 10064 | D:6      | Found a shimmering altar of Xom.
 10067 | D:6      | Found a glowing silver altar of Zin.
 10067 | D:6      | Found a white marble altar of Elyvilon.
 10148 | D:6      | Found a broken altar of Ashenzari.
 10148 | D:6      | Found an iron altar of Okawaru.
 10148 | D:6      | Found a hide-covered altar of Uskayaw.
 10195 | D:7      | Found a glowing golden altar of the Shining One.
 10391 | D:6      | Reached XP level 9. HP: 43/43 MP: 17/17
 10848 | D:6      | Reached skill level 11 in Ranged Weapons
 12404 | D:7      | Found a glowing golden altar of the Shining One.
 12503 | D:7      | Found a glowing golden altar of the Shining One.
 13526 | D:7      | Found a glowing golden altar of the Shining One.
 14437 | D:7      | Found a glowing golden altar of the Shining One.
 14907 | D:7      | Paralysed by a hornet for 3 turns
 14914 | D:7      | Slain by a hornet

Illustrated notes

Levels and vault maps discovered:
D:1:      grunt_arrival_lava_bath, layout_basic, serial_shops, shop
D:2:      layout_loops_ring, basic_altar, minmay_statues_item
D:3:      layout_basic, pdpol_temple_overflow_zin_treasury_gozag_greed
D:4:      layout_basic, minmay_temple_entry_ruins, serial_shops,
          nicolae_shop_real_fake_doors, grunt_ministairs_14, uniq_blork_the_orc
D:5:      layout_loops_ring, lemuel_crystal_altar,
          nicolae_overflow_hidden_temple
D:6:      layout_basic, kennysheep_mini_moat, doesnt_xom_only_xom
D:7:      layout_loops_ring, mainiacjoe_overflow_catwalk
D:8:      layout_cave_pools, serial_shops, shop, shop, shop
Temple:   hc_temple_tempest_star

Skill      XL: |  1  2  3  4  5  6  7  8  9 |
---------------+----------------------------+-----
Spellcasting   | 3 4 |  4.7
Ranged Weapons | 3 4 6 8 10 11 | 11.5
Fighting       | 2 |  2.5
Dodging        | 4 |  4.4
Stealth        | |  3.0
Ice Magic      | |  3.2

Action                     |  1- 3 |  4- 6 |  7- 9 || total
---------------------------+-------+-------+-------++-------
  Melee: Short sword       |    19 |       |       ||    19
   Fire: Sling             |    28 |   217 |   855 ||  1100
   Cast: Freeze            |    24 |       |       ||    24
         Ensorcelled Hiber |     3 |       |       ||     3
 Invoke: Sacrifice Artific |     1 |       |       ||     1
         Sacrifice Drink   |       |       |     1 ||     1
  Evoke: Wand              |     1 |       |       ||     1
    Use: Scroll            |     4 |     4 |     1 ||     9
   Stab: Sleeping          |     3 |       |       ||     3
 Armour: Robe              |     5 |    17 |    87 ||   109
  Dodge: Dodged            |    19 |    24 |   155 ||   198
